 Dungeon Crawl Stone Soup version 0.30-a0-618-gd6c86c23d0 (webtiles) character file.

Game seed: 14021271618958762708

22262 testman the Blocker (level 13, -25/82 (95) HPs)
             Began as a Formicid Fighter on Jan 6, 2023.
             Was the Champion of Ru.
             Killed from afar by a Hell Sentinel (38 damage)
             ... with damnation
             ... on level 3 of the Abyss on Jan 9, 2023.
             The game lasted 01:09:12 (16201 turns).

testman the Blocker (Formicid Fighter)             Turns: 16201, Time: 01:09:12

HP:   -25/82 (95)   AC: 17    Str: 40    XL:     13   Next: 26%
MP:   10/13         EV:  8    Int:  9    God:    Ru [******]
Gold: 801           SH: 12    Dex: 13    Spells: 12/12 levels left

rFire   + . .      SeeInvis +    T - +2 glaive (venom)
rCold   + + .      Faith    +    P - +0 kite shield
rNeg    . . .      Spirit   .    u - +1 plate armour of Cydghuck Sueq {Str+7}
rPois   +          Reflect  .    (helmet unavailable)
rElec   .          Harm     .    F - scarf {rC+ rF+}
rCorr   .          Rampage  .    l - +0 pair of gloves
Will    .....                    (no boots) Stlth
                                 D - amulet "Ikeracae" {Faith *Slow rC+ Will- Str+8}
HPRegen 0.33/turn                p - ring of poison resistance
MPRegen 0.13/turn                n - ring of wizardry

@: exhausted, heavily drained
A: permanent stasis, dig shafts and tunnels, antennae 3, frail 1, hated by all,
inability to train dodging, no hexes magic, no ice magic, no translocations
magic, unskilled 1, four strong arms
a: Dig, Shaft Self, Renounce Religion, Draw Out Power, Power Leap, Apocalypse


You were on level 3 of the Abyss.
You worshipped Ru.
Ru was exalted by your worship.
You visited 1 branch of the dungeon, and saw 13 of its levels.
You visited the Abyss 1 time.
You also visited: Sewer.

You collected 801 gold pieces.

Inventory:

Hand Weapons
 k - a +3 halberd
 O - a +3 trident
 T - a +2 glaive of venom (weapon)
Missiles
 h - 34 poisoned darts (quivered)
 o - 2 atropa-tipped darts
 r - 13 boomerangs
 w - 4 curare-tipped darts
 B - 7 javelins
 J - a throwing net
 R - 2 boomerangs of dispersal
Armour
 b - a +0 scale mail
 c - a +0 buckler
 l - a +0 pair of gloves (worn)
 u - the +1 plate armour of Cydghuck Sueq (worn) {Str+7}
   (You found it on level 13 of the Dungeon)

   Str:       It affects your strength (+7).
 F - a scarf of resistance (worn)
 P - a +0 kite shield (worn)
Jewellery
 e - an amulet of regeneration
 n - a ring of wizardry (right hand)
 p - a ring of poison resistance (left hand)
 t - a ring of flight
 D - the amulet "Ikeracae" (around neck) {Faith *Slow rC+ Will- Str+8}
   (You found it on level 6 of the Dungeon)

   [amulet of faith]

   It allows you to gain divine favour quickly.
   Str:       It affects your strength (+8).
   rC:        It protects you from cold.
   *Slow:     It may slow you when you take damage.
   Will:      It decreases your willpower.
 Q - the ring "Mecedoask" {*Slow rPois rCorr EV+5 Str-3}
   (You found it on level 12 of the Dungeon)

   [ring of evasion]

   EV:        It affects your evasion (+5).
   Str:       It affects your strength (-3).
   rPois:     It protects you from poison.
   rCorr:     It protects you from acid and corrosion.
   *Slow:     It may slow you when you take damage.
Wands
 q - a wand of mindburst (16)
 G - a wand of polymorph (16)
 I - a wand of flame (33)
 M - a wand of quicksilver (2)
 S - a wand of roots (8)
 U - a wand of digging (2)
Scrolls
 a - a scroll of amnesia
 i - 2 scrolls of immolation
 j - 4 scrolls of fog
 s - 3 scrolls of poison {unknown}
 x - 3 scrolls of enchant armour {unknown}
 y - 3 scrolls of magic mapping {unknown}
 z - 2 scrolls of vulnerability {unknown}
 E - 4 scrolls of fear {unknown}
 L - a scroll of acquirement {unknown}
 Y - a scroll of blinking {unknown}
Potions
 d - 2 potions of might
 f - 3 potions of attraction
 g - 2 potions of curing
 m - 4 potions of mutation
 v - 4 potions of haste
 A - a potion of heal wounds
 C - a potion of lignification {unknown}
 H - a potion of resistance
 K - a potion of flight {unknown}
 N - 2 potions of cancellation {unknown}
 W - a potion of brilliance {unknown}
 X - 2 potions of degeneration {unknown}


   Skills:
 + Level 11.4 Fighting
 + Level 10.3 Polearms
 + Level 11.0 Armour
 + Level 13.0 Shields


You had 12 spell levels left.
You didn't know any spells.
Your spell library contained the following spells:

 Spells                   Type           Power      Damage    Failure   Level
 Beastly Appendage        Tmut           0%         N/A       71%         1
 Foxfire                  Conj/Fire      0%         2x1d4     71%         1
 Sting                    Tmut/Pois      0%         1d3       71%         1
 Poisonous Vapours        Pois/Air       0%         N/A       85%         2
 Wereblood                Tmut           0%         N/A       85%         2
 Ignite Poison            Fire/Tmut/Pois 0%         N/A       96%         3
 Spider Form              Tmut/Pois      0%         N/A       96%         3
 Flame Wave               Conj/Fire      0%         2d4       100%        4
 Olgreb's Toxic Radiance  Pois           0%         N/A       100%        4
 Sticky Flame             Conj/Fire      0%         2d3       100%        4
 Fireball                 Conj/Fire      0%         3d3       100%        5
 Starburst                Conj/Fire      0%         6d3       100%        6
 Ignition                 Fire           0%         3d3       100%        8
 Inner Flame              Hex/Fire       Unusable   N/A       N/A         3

Dungeon Overview and Level Annotations

Branches:
Dungeon (13/15)            Temple (0/1) D:7            Lair (0/5) D:10
    Orc (0/2) D:12         Vaults (0/5) D:13          Sewer (visited)

Altars:
Cheibriados
Dithmenos
Okawaru
Ru
Sif Muna
Trog
Vehumet
Zin

Shops:
D:2 (   D:9 =

Annotations:
D:3 1 runed translucent door, ragingrage's ghost, amateur TeAE
D:5 Sigmund


Innate Abilities, Weirdness & Mutations

You cannot be hasted, slowed, berserked, paralysed or teleported.
You can dig through walls and to a lower floor.
You have a pair of large antennae on your head. (SInv)
You are frail. (-10% HP)
You are hated by all.
You cannot train Dodging skill.
You cannot study or cast Hexes magic.
You cannot study or cast Ice magic.
You cannot study or cast Translocations magic.
You are somewhat unskilled. (-1 Apt)
Your four strong arms can wield two-handed weapons with a shield.


Message History

You block the chaos spawn's attack.
You slice the chaos spawn!!
You kill the chaos spawn!
The chaos spawn degenerates into a cloud of primal chaos!
A Hell Sentinel comes into view.
The Hell Sentinel roars!
The Hell Sentinel gestures at you.
The sphere of damnation explodes!
The damnation engulfs you!!
Okay, then.
Okay, then.
Okay, then.
A lurking horror comes into view.
The Hell Sentinel begins to attack, but is stunned by your conviction!
Activating: Apocalypse
Press: ? - help, Dir - look around, f - activate You reveal the great annihilating truth to your foes!
The Hell Sentinel is paralysed by terrible understanding!
Your body is wracked with pain!
You feel drained.
Something shouts, "Flee, thou obnoxious fat-kidneyed nobody!"
Okay, then.
Okay, then.
Throw: 3 boomerangs (disperse)
Press: ? - help, Shift-Dir - straight line, f - Hell Sentinel
Aim: a Hell Sentinel (moderately wounded, paralysed, 98% to hit)
You throw a boomerang of dispersal.
The boomerang of dispersal hits the Hell Sentinel but does no damage.
The Hell Sentinel is moderately wounded.
Okay, then.
Found an ancient bone altar of Kikubaaqudgha.
There is an ancient bone altar of Kikubaaqudgha, spattered with blood here.
A large abomination comes into view.
The Hell Sentinel gestures at you.
The sphere of damnation explodes!
The damnation engulfs you!!
* * * LOW HITPOINT WARNING * * *
You hear a bark!
You hear a shout!
You hear a roar!
You hear a bark!
You hear a chilling moan.
You hear a roar!
The Hell Sentinel begins to attack, but is stunned by your conviction!
The Hell Sentinel gestures at you.
The sphere of damnation explodes!
The damnation engulfs you!!!
You die...

{ #### ##..#
###.### ##
####.#.#
##.#....#..@##
..#.#.#...#...#
{
#.#.#..#..#..#
#.
#.##1###..#...
#..##.._ # ..
..... ##...##.#
X.# .... # #.
...#..# # ##{.
... .#. # .#
{## ..##>. .#.
.###. ## ...#


You could see a Hell Sentinel.

Vanquished Creatures
  3 hydras
  3 two-headed ogres
  2 boulder beetles
  Pikel (D:5)
  A necromancer (D:13)
  A deep elf pyromancer (D:13)
  2 ugly things (D:13)
  2 cyclopes
  2 gargoyles
  4 unseen horrors
  2 komodo dragons (D:10)
  A tengu conjurer (D:11)
  A raiju (Abyss:3)
  4 trolls
  10 slime creatures
  A flying skull (Abyss:3)
  2 wyverns (D:10)
  3 yaks (D:10)
  3 wraiths
  Grum (D:10)
  3 steam dragons
  2 basilisks
  A chaos spawn (Abyss:3)
  7 vampire mosquitoes
  Edmund (D:5)
  An acid dragon (D:12)
  4 orc warriors
  A black bear (D:6)
  A sky beast (D:7)
  2 wolves (D:10)
  4 ogres
  4 centaurs (D:12)
  A lemure (D:5)
  2 phantoms
  8 kobold brigands
  A necrophage (D:7)
  A bullfrog (D:7)
  2 gnoll sergeants
  28 wights
  5 scorpions
  10 killer bees
  4 howler monkeys
  4 electric eels
  6 hounds
  4 orc priests
  A gnoll bouda (D:8)
  Crazy Yiuf (D:3)
  An iguana (D:5)
  7 orc wizards
  A statue (D:10)
  A mummy (D:10)
  10 adders
  10 gnolls
  8 river rats
  2 white imps
  2 worms (D:4)
  4 dart slugs
  42 orcs
  7 ball pythons
  11 endoplasms
  3 giant cockroaches
  8 goblins
  8 hobgoblins
  11 jackals
  8 quokkas
  7 bats
  11 frilled lizards
  35 kobolds
  9 rats
  A lurking horror (Abyss:3)
365 creatures vanquished.

Vanquished Creatures (others)
  A two-headed ogre (D:10)
  A thrashing horror (Abyss:3)
  A gargoyle (D:12)
  2 centaurs (D:12)
  A wight (D:8)
  A jackal (D:5)
  3 kobolds
  34 plants
44 creatures vanquished.

Grand Total: 409 creatures vanquished

Notes
Turn   | Place    | Note
-------+----------+-------------------------------------------
     0 | D:1      | testman the Formicid Fighter began the quest for the Orb.
     0 | D:1      | Reached XP level 1. HP: 18/18 MP: 1/1
    69 | D:1      | Reached XP level 2. HP: 24/24 MP: 2/2
   189 | D:1      | Found a faded altar of an unknown god.
   197 | D:1      | Got Plato's Essays on Modification
   198 | D:1      | Prayed at the altar of an unknown god.
   198 | D:1      | Became a worshipper of Ru the Awakened
   200 | D:1      | Gained mutation: You cannot study or cast Ice magic. [Ru
                  | sacrifice]
   200 | D:1      | Gained mutation: You cannot study or cast Hexes magic. [Ru
                  | sacrifice]
   200 | D:1      | Gained mutation: You cannot study or cast Translocations
                  | magic. [Ru sacrifice]
   200 | D:1      | Reached * piety under Ru
   247 | D:1      | Reached XP level 3. HP: 29/29 MP: 3/3
   924 | D:1      | Reached XP level 4. HP: 24/37 MP: 4/4
  1170 | D:2      | Reached XP level 5. HP: 39/42 MP: 5/5
  1197 | D:2      | Found Peynwoe's Weapon Emporium.
  1222 | D:2      | Reached skill level 5 in Shields
  1521 | D:3      | Found a runed translucent door.
  1522 | D:3      | Noticed Crazy Yiuf
  1531 | D:3      | Killed Crazy Yiuf
  1667 | D:3      | Found a runed translucent door.
  1673 | D:3      | Noticed ragingrage's ghost (amateur TeAE)
  1771 | D:3      | Found a glowing silver altar of Zin.
  1947 | D:4      | Reached XP level 6. HP: 49/49 MP: 6/6
  2223 | D:4      | Found a glowing drain.
  2248 | Sewer    | Entered a sewer
  2274 | Sewer    | Reached XP level 7. HP: 33/55 MP: 7/7
  2368 | Sewer    | Reached skill level 5 in Fighting
  2368 | Sewer    | Reached skill level 5 in Armour
  2368 | Sewer    | Reached skill level 6 in Shields
  2418 | Sewer    | Gained mutation: You are hated by all. [Ru sacrifice]
  2418 | Sewer    | Reached ** piety under Ru
  2418 | Sewer    | Reached *** piety under Ru
  3291 | D:5      | Entered Level 5 of the Dungeon
  3354 | D:5      | Noticed Pikel
  3387 | D:5      | Killed Pikel
  3388 | D:5      | Reached skill level 5 in Polearms
  3388 | D:5      | Reached skill level 7 in Shields
  3388 | D:5      | Reached XP level 8. HP: 32/64 MP: 8/8
  3493 | D:5      | Noticed Sigmund
  3729 | D:5      | Noticed Edmund
  3733 | D:5      | Found a sacrificial altar of Ru.
  3754 | D:5      | Killed Edmund
  3769 | D:5      | Reached skill level 8 in Shields
  3769 | D:5      | Reached XP level 9. HP: 49/71 MP: 9/9
  4530 | D:6      | Identified the amulet "Ikeracae" {Faith *Slow rC+ Will-
                  | Str+8}
  4718 | D:6      | Reached skill level 9 in Shields
  5047 | D:6      | Found a shadowy altar of Dithmenos.
  5158 | D:6      | Reached XP level 10. HP: 68/80 MP: 10/10
  5605 | D:7      | Reached skill level 10 in Shields
  5605 | D:7      | Gained mutation: You cannot train Dodging skill. [Ru
                  | sacrifice]
  5605 | D:7      | Reached **** piety under Ru
  5808 | D:7      | Found a staircase to the Ecumenical Temple.
  7059 | D:8      | Found a transporter.
  7183 | D:8      | Gained mutation: You are frail. (-10% HP) [Ru sacrifice]
  7183 | D:8      | Reached ***** piety under Ru
  7370 | D:8      | Noticed a boulder beetle
  7383 | D:8      | Killed a boulder beetle
  7571 | D:8      | Found a transporter.
  8267 | D:9      | Noticed a two-headed ogre
  8272 | D:9      | Killed a two-headed ogre
  8273 | D:9      | Reached skill level 11 in Shields
  8273 | D:9      | Reached XP level 11. HP: 42/80 MP: 11/11
  8585 | D:9      | Found a bloodstained altar of Trog.
  8622 | D:9      | Found Momynned's One-of-a-Kind Rings.
  8907 | D:9      | Noticed a five-headed hydra
  9337 | D:9      | Killed an eight-headed hydra
  9654 | D:10     | Entered Level 10 of the Dungeon
  9663 | D:10     | Gained mutation: You are somewhat unskilled. (-1 Apt) [Ru
                  | sacrifice]
  9663 | D:10     | Reduced skill Shields to level 10
  9663 | D:10     | Reached ****** piety under Ru
 10184 | D:10     | Reached skill level 11 in Shields
 10274 | D:10     | Found a staircase to the Lair.
 10472 | D:10     | Found an iron altar of Okawaru.
 10495 | D:10     | Noticed a boulder beetle
 10497 | D:10     | Noticed a two-headed ogre
 10511 | D:10     | Killed a two-headed ogre
 10511 | D:10     | Killed a boulder beetle
 10965 | D:10     | Found a radiant altar of Vehumet.
 11104 | D:10     | Reached XP level 12. HP: 64/80 MP: 12/12
 11170 | D:10     | Found a snail-covered altar of Cheibriados.
 11321 | D:11     | Noticed a two-headed ogre
 11324 | D:11     | Noticed Grum
 11425 | D:10     | Killed a two-headed ogre
 11512 | D:10     | Killed Grum
 11671 | D:11     | Reached skill level 10 in Fighting
 11732 | D:11     | Found a shimmering blue altar of Sif Muna.
 11742 | D:11     | Reached skill level 10 in Armour
 12386 | D:12     | Reached skill level 12 in Shields
 12489 | D:12     | Identified the ring "Mecedoask" {*Slow rPois rCorr EV+5
                  | Str-3}
 12508 | D:12     | Noticed a seven-headed hydra
 14538 | D:12     | Found a staircase to the Orcish Mines.
 14779 | D:12     | Killed a seven-headed hydra
 15038 | D:13     | Upgraded the game from 0.30-a0-596-g0af90f9a20 to
                  | 0.30-a0-618-gd6c86c23d0
 15290 | D:13     | Reached XP level 13. HP: 86/95 MP: 13/13
 15362 | D:13     | Noticed a four-headed hydra
 15436 | D:13     | Reached skill level 10 in Polearms
 15540 | D:13     | Identified the +1 plate armour of Cydghuck Sueq {Str+7}
 15567 | D:13     | Killed a four-headed hydra
 16013 | D:13     | Found a gate to the Vaults.
 16025 | Abyss:3  | Cast into level 3 of the Abyss (a wizard)
 16099 | Abyss:3  | Found a corrupted altar of Lugonu.
 16124 | Abyss:3  | Reached skill level 13 in Shields
 16152 | Abyss:3  | Noticed a Hell Sentinel
 16185 | Abyss:3  | Found an ancient bone altar of Kikubaaqudgha.
 16201 | Abyss:3  | Killed from afar by a Hell Sentinel

Illustrated notes

Levels and vault maps discovered:
D:1:      psy_arrival_radial02, layout_basic,
          shapermc_ecumenical_altar_rom_forum, st_stairs_1, minmay_heptomino_w4
D:2:      layout_rooms, serial_shops, nicolae_shop_statue_plus,
          cheibrodos_gnoll_hut
D:3:      layout_rooms, zin_statuary, ebering_ghost_reflecting_pool,
          uniq_crazy_yiuf_cottage
D:4:      layout_rooms, lightli_sewer_entry_pipes, minmay_large_rounded_square,
          dreamdust_mushroom_princess
D:5:      layout_basic, hangedman_ru_absence, st_stairs_7, uniq_pikel,
          uniq_sigmund, uniq_edmund
D:6:      layout_loops_ring, mainiacjoe_overflow_boulevard,
          mainiacjoe_overflow_concentric_impassable, serial_bayou,
          serial_bayou_shore_b, serial_bayou_pond_e, serial_bayou_shore_a,
          serial_bayou_pond_c
D:7:      layout_basic, minmay_temple_entry_slanted
D:8:      gammafunk_steamed_eel, layout_basic, kennysheep_just_a_vault
D:9:      layout_rooms, trog_hazing_becter, nicolae_shop_unique_rings
D:10:     layout_roguey, vehumet_statue, mainiacjoe_overflow_tiny_flanked,
          chei_slow_surprise, erik_lair_dragon, grunt_decor_one_mirror
D:11:     layout_basic, grunt_ministairs_6, kennysheep_orc_sif_temple, uniq_grum
D:12:     layout_grid_maze, hiddenorc1_lemuel, due_unseen_surprise
D:13:     layout_small_grid, david_vaults_1
Abyss:3:  base: D:9, serial_sigils_hangedman_quiver, hangedman_illusive_loot,
          hangedman_abyss_or_decor_jellyfish_corner,
          serial_sigils_hangedman_snap

Skill      XL: |  1  2  3  4  5  6  7  8  9 10 11 12 13 |
---------------+----------------------------------------+-----
Fighting       | 4 6 7 9 11 | 11.4
Armour         | 4 6 7 9 10 11 | 11.0
Shields        | 5 7 8 9 11 11 12 13 | 13.0
Polearms       | 3 5 6 8 8 9 10 | 10.3

Action                   |  1- 3 |  4- 6 |  7- 9 | 10-12 | 13-15 || total
-------------------------+-------+-------+-------+-------+-------++-------
Melee: Trident           |    83 |   291 |   473 |   136 |     9 ||   992
       Halberd           |       |       |       |   425 |       ||   425
       Glaive            |       |       |       |    76 |    56 ||   132
Throw: Dart              |       |     1 |     6 |    13 |     1 ||    21
       Boomerang         |       |       |     2 |       |     1 ||     3
       Javelin           |       |       |     1 |       |       ||     1
Invok: Sacrifice Arcana  |     1 |       |       |       |       ||     1
       Draw Out Power    |       |       |     1 |     1 |     1 ||     3
       Sacrifice Love    |       |       |     1 |       |       ||     1
       Sacrifice Health  |       |       |       |     1 |       ||     1
       Sacrifice Nimblen |       |       |       |     1 |       ||     1
       Apocalypse        |       |       |       |     6 |     1 ||     7
       Power Leap        |       |       |       |    13 |     1 ||    14
       Sacrifice Skill   |       |       |       |     1 |       ||     1
 Abil: Dig               |       |       |       |     2 |       ||     2
Evoke: Wand              |       |       |       |     1 |       ||     1
  Use: Scroll            |       |     5 |     2 |     9 |       ||    16
       Potion            |       |       |       |     1 |       ||     1
 Stab: Invisible         |       |       |     7 |     7 |     3 ||    17
       Distracted        |       |       |     1 |     5 |     1 ||     7
       Paralysed         |       |       |       |     6 |       ||     6
Armor: Scale mail        |    41 |   119 |   133 |   149 |     9 ||   451
       Plate armour      |       |       |       |       |    14 ||    14
Dodge: Dodged            |    33 |   118 |   130 |   205 |    19 ||   505
Block: Buckler           |    16 |    71 |   103 |    73 |       ||   263
       Kite shield       |       |       |       |   184 |    36 ||   220

Table legend: (Time is in decaauts)
 A = Elapsed time spent in this place.
 B = Non-inter-level travel time spent in this place.
 C = Inter-level travel time spent in this place.
 D = Time resting spent in this place.
 E = Time spent auto-exploring this place.
 F = Levels seen in this place.
 G = Mean time per level.
                   A        B        C        D        E       F      G
               +--------+--------+--------+--------+--------+-----+--------+
         Total |  16662 |  15862 |    800 |   2259 |   9855 |  15 | 1110.8 |
       Dungeon |  15481 |  14681 |    800 |   2259 |   9224 |  13 | 1190.8 |
         Abyss |    181 |    181 |      0 |      0 |     39 |   1 |  181.0 |
         Sewer |   1000 |   1000 |      0 |      0 |    591 |   1 | 1000.0 |
               +--------+--------+--------+--------+--------+-----+--------+

Top non-repeatable levels by time:
     D:8: 2211 daAuts
    D:12: 1862 daAuts
    D:10: 1749 daAuts
    D:11: 1653 daAuts
     D:6: 1385 daAuts
     D:9: 1101 daAuts
    D:13: 1085 daAuts
   Sewer: 1000 daAuts
     D:7: 999 daAuts
     D:1: 962 daAuts
     D:5: 749 daAuts
     D:4: 721 daAuts
     D:3: 533 daAuts
     D:2: 466 daAuts
 Abyss:3: 181 daAuts
